APL (24 & UNDER)
NASHUA REDLEGS @ SCOTTSDALE SCORPIONS
09/12/2028
 
TOP OF THE 1ST
Nashua Redlegs batting - Pitching for Scottsdale Scorpions : RHP Miguel Yan
Pitching: RHP Miguel Yan
Batting: SHB José Vélez 0-0: Ball
1-0: Ball
2-0: Ball
3-0: Base on Balls
Batting: RHB Dave Warren 0-0: Ball
1-0: Swinging Strike
1-1: Ball
2-1: Fielders Choice at 2nd, 6-4 (Groundball, 56)
Batting: LHB Bob Campbell 0-0: Called Strike
0-1: Foul Ball, location: 2F
0-2: Strikes out swinging
Batting: RHB Joe Noble 0-0: Ball
1-0: Ball
2-0: Called Strike
2-1: Foul Ball, location: 2F
2-2: Ball
3-2: Foul Ball, location: 2F
3-2: Foul Ball, location: 2F
3-2: SINGLE (Flyball, 9LS)
Dave Warren to second
Dave Warren to third
Batting: RHB Katsuhito Ohayashi 0-0: Fielders Choice at 2nd, 5-4 (Groundball, 5)
Top of the 1st over - 0 run(s), 1 hit(s), 0 error(s), 1 left on base; Nashua 0 - Scottsdale 0
BOTTOM OF THE 1ST
Scottsdale Scorpions batting - Pitching for Nashua Redlegs : RHP Ángel Germán
Pitching: RHP Ángel Germán
Batting: RHB Manny Moreno 0-0: Ball
1-0: Ground out 6-3 (Groundball, 6)
Batting: RHB Robinson Fernández 0-0: Fly out, F8 (Flyball, 8RD)
Batting: SHB Luis López 0-0: Foul Ball, location: 2F
0-1: Ball
1-1: Ball
2-1: Ball
3-1: Swinging Strike
3-2: Ground out 6-3 (Groundball, 6)
Bottom of the 1st over - 0 run(s), 0 hit(s), 0 error(s), 0 left on base; Nashua 0 - Scottsdale 0
TOP OF THE 2ND
Nashua Redlegs batting - Pitching for Scottsdale Scorpions : RHP Miguel Yan
Batting: RHB Jorge Valenzuela 0-0: Called Strike
0-1: SINGLE (Groundball, 56D)
Batting: RHB Bob Fitzgerald 0-0: Called Strike
0-1: Ball
1-1: Ball
2-1: Foul Ball, location: 2F
2-2: SINGLE (Flyball, 89S)
Jorge Valenzuela to second
Runner from 2nd tries for 3rd, SAFE, throw made to third
Batting: RHB António Pérez 0-0: Foul Ball, location: 2F
0-1: Called Strike
0-2: Ball
1-2: Foul Ball, location: 2F
1-2: Fly out, F9 (Line Drive, 89M)
Runner from 3rd tags up, SCORES, no throw
Batting: RHB Xing-fu Chuko 0-0: Ball
1-0: Hit by Pitch
Bob Fitzgerald to second
Batting: SHB José Vélez 0-0: Foul Ball, location: 2F
0-1: Ball
1-1: Ball
2-1: Called Strike
2-2: Foul Ball, location: 2F
2-2: Ball
3-2: Base on Balls
Bob Fitzgerald to third
Xing-fu Chuko to second
Batting: RHB Dave Warren 0-0: Swinging Strike
0-1: Ball
1-1: Ball
2-1: Foul Ball, location: 2F
2-2: Strikes out looking
Batting: LHB Bob Campbell 0-0: Swinging Strike
0-1: Ball
1-1: Ball
2-1: Foul Ball, location: 2F
2-2: Ball
3-2: Strikes out swinging
Top of the 2nd over - 1 run(s), 2 hit(s), 0 error(s), 3 left on base; Nashua 1 - Scottsdale 0
BOTTOM OF THE 2ND
Scottsdale Scorpions batting - Pitching for Nashua Redlegs : RHP Ángel Germán
Batting: SHB Arnold Moore 0-0: Foul Ball, location: 2F
0-1: Called Strike
0-2: Ball
1-2: Fly out, F9 (Line Drive, 9)
Batting: LHB Shawn Brown 0-0: Foul Ball, location: 2F
0-1: Foul Ball, location: 2F
0-2: Ball
1-2: Foul Ball, location: 2F
1-2: Ball
2-2: Foul Ball, location: 2F
2-2: Ball
3-2: Strikes out swinging
Batting: RHB Steve Boyer 0-0: Ball
1-0: Ball
2-0: Foul Ball, location: 2F
2-1: Called Strike
2-2: Ball
3-2: Strikes out swinging
Bottom of the 2nd over - 0 run(s), 0 hit(s), 0 error(s), 0 left on base; Nashua 1 - Scottsdale 0
TOP OF THE 3RD
Nashua Redlegs batting - Pitching for Scottsdale Scorpions : RHP Miguel Yan
Batting: RHB Joe Noble 0-0: Called Strike
0-1: Fly out, F9 (Flyball, 9S)
Batting: RHB Katsuhito Ohayashi 0-0: Ball
1-0: Fly out, F9 (Flyball, 9LDF)
Batting: RHB Jorge Valenzuela 0-0: Fly out, F7 (Flyball, 78S)
Top of the 3rd over - 0 run(s), 0 hit(s), 0 error(s), 0 left on base; Nashua 1 - Scottsdale 0
BOTTOM OF THE 3RD
Scottsdale Scorpions batting - Pitching for Nashua Redlegs : RHP Ángel Germán
Batting: RHB Pablo Pineda 0-0: Called Strike
0-1: Swinging Strike
0-2: Ball
1-2: Strikes out swinging
Batting: RHB Henry Cahill 0-0: Swinging Strike
0-1: Ground out 4-3 (Groundball, 4)
Batting: RHB Carlos Rosales 0-0: Called Strike
0-1: Foul Ball, location: 2F
0-2: Fly out, F7 (Line Drive, 7)
Bottom of the 3rd over - 0 run(s), 0 hit(s), 0 error(s), 0 left on base; Nashua 1 - Scottsdale 0
TOP OF THE 4TH
Nashua Redlegs batting - Pitching for Scottsdale Scorpions : RHP Miguel Yan
Batting: RHB Bob Fitzgerald 0-0: Ball
1-0: Ball
2-0: Ball
3-0: Called Strike
3-1: Swinging Strike
3-2: Base on Balls
Batting: RHB António Pérez 0-0: Called Strike
0-1: Foul Ball, location: 2F
0-2: Ball
1-2: Grounds into double play, 5-4-3 (Groundball, 56)
Batting: RHB Xing-fu Chuko 0-0: Fly out, F7 (Flyball, 7)
Top of the 4th over - 0 run(s), 0 hit(s), 0 error(s), 0 left on base; Nashua 1 - Scottsdale 0
BOTTOM OF THE 4TH
Scottsdale Scorpions batting - Pitching for Nashua Redlegs : RHP Ángel Germán
Batting: RHB Manny Moreno 0-0: SINGLE (Line Drive, 6MD)
Batting: RHB Robinson Fernández 0-0: Called Strike
0-1: Ball
1-1: Ball
2-1: Swinging Strike
2-2: Ball
3-2: SINGLE (Line Drive, 6MD)
Manny Moreno to second
Runner from 2nd tries for 3rd, SAFE, throw made to third
Batting: SHB Luis López 0-0: Swinging Strike
0-1: Ball
1-1: Ball
2-1: Ball
3-1: Swinging Strike
3-2: Foul Ball, location: 2F
3-2: SINGLE (Flyball, 78S)
Manny Moreno scores
Robinson Fernández to second
Batting: SHB Arnold Moore 0-0: Ball
1-0: Ball
2-0: Ball
3-0: Foul Ball, location: 2F
3-1: Called Strike
3-2: Strikes out swinging
Batting: LHB Shawn Brown 0-0: Called Strike
0-1: Ball
1-1: Ball
2-1: Foul Ball, location: 2F
2-2: Strikes out swinging
Batting: RHB Steve Boyer 0-0: Ball
1-0: Ball
2-0: Called Strike
2-1: Foul Ball, location: 2F
2-2: Foul Ball, location: 2F
2-2: Strikes out looking
Bottom of the 4th over - 1 run(s), 3 hit(s), 0 error(s), 2 left on base; Nashua 1 - Scottsdale 1
TOP OF THE 5TH
Nashua Redlegs batting - Pitching for Scottsdale Scorpions : RHP Miguel Yan
Batting: SHB José Vélez 0-0: Ball
1-0: Foul Ball, location: 2F
1-1: Ball
2-1: Ball
3-1: Foul Ball, location: 2F
3-2: Strikes out swinging
Batting: RHB Dave Warren 0-0: Fly out, F8 (Flyball, 8LM)
Batting: LHB Bob Campbell 0-0: Foul Ball, location: 2F
0-1: Swinging Strike
0-2: Ball
1-2: Foul Ball, location: 2F
Error on foul ball, E9
1-2: Strikes out swinging
Top of the 5th over - 0 run(s), 0 hit(s), 1 error(s), 0 left on base; Nashua 1 - Scottsdale 1
BOTTOM OF THE 5TH
Scottsdale Scorpions batting - Pitching for Nashua Redlegs : RHP Ángel Germán
Batting: RHB Pablo Pineda 0-0: Swinging Strike
0-1: Called Strike
0-2: Ball
1-2: SINGLE (Line Drive, 4M)
Batting: RHB Henry Cahill 0-0: Ball
1-0: Called Strike
1-1: Foul Ball, location: 2F
1-2: Foul Ball, location: 2F
1-2: Ground out 5-3 (Groundball, 56S)
Pablo Pineda to second
Batting: RHB Carlos Rosales 0-0: Ball
1-0: Foul Ball, location: 2F
1-1: Foul Ball, location: 2F
1-2: Ball
2-2: Strikes out swinging
Batting: RHB Manny Moreno 0-0: Ball
1-0: Swinging Strike
1-1: Called Strike
1-2: Strikes out swinging
Bottom of the 5th over - 0 run(s), 1 hit(s), 0 error(s), 1 left on base; Nashua 1 - Scottsdale 1
TOP OF THE 6TH
Nashua Redlegs batting - Pitching for Scottsdale Scorpions : RHP Miguel Yan
Batting: RHB Joe Noble 0-0: SOLO HOME RUN (Flyball, 89XD), Distance : 377 ft
Batting: RHB Katsuhito Ohayashi 0-0: Called Strike
0-1: Ball
1-1: Foul Ball, location: 2F
1-2: Foul Ball, location: 2F
1-2: SINGLE (Flyball, 8LS)
Pitching: RHP Sterling Caldwell
Batting: RHB Jorge Valenzuela 0-0: Ball
Katsuhito Ohayashi steals 2nd base
1-0: Called Strike
1-1: Ball
2-1: Called Strike
2-2: Strikes out swinging
Batting: RHB Bob Fitzgerald 0-0: Ball
1-0: Ball
2-0: Called Strike
2-1: Foul Ball, location: 2F
2-2: Ball
3-2: Base on Balls
Batting: RHB António Pérez 0-0: Ball
Katsuhito Ohayashi steals 3rd base
Bob Fitzgerald to second
1-0: Ball
2-0: Foul Ball, location: 2F
2-1: SINGLE (Groundball, 6MD)
Katsuhito Ohayashi scores
Bob Fitzgerald to third
Runner from 3rd tries for Home, SAFE, throw made home
Batting: RHB Xing-fu Chuko 0-0: Fielders Choice at 2nd, 1-6 (Groundball, 13S)
Batting: SHB José Vélez 0-0: Swinging Strike
0-1: Ball
1-1: Foul Ball, location: 2F
1-2: Strikes out swinging
Top of the 6th over - 3 run(s), 3 hit(s), 0 error(s), 1 left on base; Nashua 4 - Scottsdale 1
BOTTOM OF THE 6TH
Scottsdale Scorpions batting - Pitching for Nashua Redlegs : RHP Ángel Germán
Pitching: LHP Leonard Simmons
Batting: RHB Robinson Fernández 0-0: Ball
1-0: Ground out 5-3 (Groundball, 56S)
Batting: SHB Luis López 0-0: Foul Ball, location: 2F
0-1: SINGLE (Groundball, 15S) (infield hit)
Batting: SHB Arnold Moore 0-0: Called Strike
0-1: Swinging Strike
0-2: Foul Ball, location: 2F
0-2: Ball
1-2: Ball
2-2: Ball
3-2: Foul Ball, location: 2F
3-2: Base on Balls
Luis López to second
Batting: LHB Shawn Brown 0-0: SINGLE (Line Drive, 4D)
Luis López to third
Arnold Moore to second
Batting: RHB Steve Boyer 0-0: Ball
1-0: Swinging Strike
1-1: Foul Ball, location: 2F
1-2: Ball
2-2: SINGLE (Line Drive, 4D)
Luis López scores
Arnold Moore to third
Shawn Brown to second
Batting: RHB Pablo Pineda 0-0: GRAND SLAM HOME RUN (Flyball, 9D), Distance : 362 ft
Pitching: RHP Juliăo Edwards
Batting: RHB Henry Cahill 0-0: Ball
1-0: SINGLE (Line Drive, 7LS)
Batting: RHB Carlos Rosales 0-0: Ball
1-0: Ball
2-0: Swinging Strike
2-1: Ball
3-1: Foul Ball, location: 2F
3-2: Strikes out swinging
Batting: RHB Manny Moreno 0-0: Called Strike
0-1: Foul Ball, location: 2F
0-2: Ball
1-2: Foul Ball, location: 2F
1-2: Fly out, F8 (Flyball, 8LD)
Bottom of the 6th over - 5 run(s), 5 hit(s), 0 error(s), 1 left on base; Nashua 4 - Scottsdale 6
TOP OF THE 7TH
Nashua Redlegs batting - Pitching for Scottsdale Scorpions : RHP Sterling Caldwell
Batting: RHB Dave Warren 0-0: Called Strike
0-1: Called Strike
0-2: Strikes out swinging
Batting: LHB Bob Campbell 0-0: Called Strike
0-1: Ball
1-1: Swinging Strike
1-2: Strikes out looking
Batting: RHB Joe Noble 0-0: Ball
1-0: Called Strike
1-1: Fly out, F7 (Flyball, 78S)
Top of the 7th over - 0 run(s), 0 hit(s), 0 error(s), 0 left on base; Nashua 4 - Scottsdale 6
BOTTOM OF THE 7TH
Scottsdale Scorpions batting - Pitching for Nashua Redlegs : RHP Juliăo Edwards
Batting: RHB Robinson Fernández 0-0: Ball
1-0: Ball
2-0: Ball
3-0: Called Strike
3-1: Ground out 1-3 (Groundball, 13S)
Batting: SHB Luis López 0-0: Ball
1-0: Called Strike
1-1: Called Strike
1-2: Ball
2-2: Strikes out swinging, 2-3 out at first.
Batting: SHB Arnold Moore 0-0: Ball
1-0: Ground out 4-3 (Groundball, 4)
Bottom of the 7th over - 0 run(s), 0 hit(s), 0 error(s), 0 left on base; Nashua 4 - Scottsdale 6
TOP OF THE 8TH
Nashua Redlegs batting - Pitching for Scottsdale Scorpions : RHP Sterling Caldwell
Batting: RHB Katsuhito Ohayashi 0-0: Swinging Strike
0-1: Foul Ball, location: 2F
0-2: Ball
1-2: Foul Ball, location: 2F
1-2: Strikes out swinging
Batting: RHB Jorge Valenzuela 0-0: Called Strike
0-1: Ball
1-1: Ball
2-1: Ball
3-1: Foul Ball, location: 2F
3-2: Base on Balls
Pitching: RHP José Estrada
Pinch Runner at 1st William Rogers:
Batting: RHB Bob Fitzgerald 0-0: Called Strike
0-1: Ball
1-1: Grounds into double play, 6-4-3 (Groundball, 6)
Top of the 8th over - 0 run(s), 0 hit(s), 0 error(s), 0 left on base; Nashua 4 - Scottsdale 6
BOTTOM OF THE 8TH
Scottsdale Scorpions batting - Pitching for Nashua Redlegs : RHP Juliăo Edwards
Now at SS: William Rogers
Batting: LHB Shawn Brown 0-0: Called Strike
0-1: Foul Ball, location: 2F
0-2: Foul Ball, location: 2F
0-2: Strikes out swinging
Batting: RHB Steve Boyer 0-0: Foul Ball, location: 2F
0-1: Ball
1-1: Hit by Pitch
Batting: RHB Pablo Pineda 0-0: Foul Ball, location: 2F
0-1: Swinging Strike
0-2: Ball
1-2: Fly out, F9 (Flyball, 9LSF)
Batting: RHB Henry Cahill 0-0: Ball
1-0: Ball
2-0: Ball
3-0: Base on Balls
Steve Boyer to second
Batting: RHB Carlos Rosales 0-0: Ball
1-0: Foul Ball, location: 2F
1-1: Fly out, F7 (Flyball, 7LS)
Bottom of the 8th over - 0 run(s), 0 hit(s), 0 error(s), 2 left on base; Nashua 4 - Scottsdale 6
TOP OF THE 9TH
Nashua Redlegs batting - Pitching for Scottsdale Scorpions : RHP José Estrada
Pitching: RHP Julián García
Batting: RHB António Pérez 0-0: Foul Ball, location: 2F
0-1: Ball
1-1: Fly out, F9 (Line Drive, 9LM)
Batting: RHB Xing-fu Chuko 0-0: Fly out, F6 (Popup, 6)
Batting: SHB José Vélez 0-0: Called Strike
0-1: Ball
1-1: Ball
2-1: Foul Ball, location: 2F
2-2: Strikes out looking
Top of the 9th over - 0 run(s), 0 hit(s), 0 error(s), 0 left on base; Nashua 4 - Scottsdale 6
Tuesday, August 8th, 2017 - OOTP Baseball 17.12 Build 75